 Dungeon Crawl Stone Soup version 0.32-a0-999-gfa1cc04b1d (webtiles) character file.

Game seed: 14441947345414623691

3407 2FriedEggs the Carver (level 10, -18/60 HPs)
             Began as a Tengu Monk on Apr 24, 2024.
             Was a Believer of Wu Jian.
             Killed from afar by a steam dragon (27 damage)
             ... with a ball of steam
             ... on level 8 of the Dungeon.
             The game lasted 00:11:00 (6373 turns).

2FriedEggs the Carver (Tengu Monk)                  Turns: 6373, Time: 00:11:00

Health: -18/60     AC:  8    Str: 11    XL:     10   Next: 4%
Magic:  11/11      EV: 15    Int: 14    God:    Wu Jian [**....]
Gold:   451        SH:  0    Dex: 20    Spells: 9/9 levels left

rFire   . . .        p - +7 Throatcutter {drain, coup de grace}
rCold   . . .        d - orb {light}
rNeg    + . .        i - +0 scale mail
rPois   +            (helmet restricted)
rElec   .            A - +1 cloak
rCorr   .            (no gloves)
SInv    +            (boots unavailable)
Will    .....        (no amulet) Stlth
                     e - ring of positive energy
HPRegen 0.30/turn    k - ring of see invisible
MPRegen 0.12/turn

%: acrobat, clarity
@: flying, glowing
A: beak, talons 3, evasive flight, acrobatic, clarity, clever 1, poison
resistance, persistent drain
a: Renounce Religion, Wall Jump


You were on level 8 of the Dungeon.
You worshipped Wu Jian.
Wu Jian was pleased with you.
You visited 2 branches of the dungeon, and saw 9 of its levels.

You collected 451 gold pieces.

Inventory:

Hand Weapons
 a - a +0 falchion
 p - the +7 Throatcutter (weapon) {drain, coup de grace}
   (You found it on level 2 of the Dungeon)
Armour
 b - a +0 robe
 d - an orb of light (worn)
 f - a +0 helmet
 i - a +0 scale mail (worn)
 A - a +1 cloak (worn)
Jewellery
 e - a ring of positive energy (left hand)
 k - a ring of see invisible (right hand)
 u - a ring of positive energy
Wands
 l - a wand of polymorph (21)
 t - a wand of flame (15)
 C - a wand of iceblast (3)
Scrolls
 h - 3 scrolls of poison
 n - 2 scrolls of summoning
 q - 3 scrolls of fog
 r - a scroll of blinking {unknown}
 v - 2 scrolls of revelation
 w - 3 scrolls of teleportation
 y - a scroll of amnesia {unknown}
 B - a scroll of vulnerability {unknown}
Potions
 c - 2 potions of ambrosia
 j - 3 potions of curing
 o - 3 potions of enlightenment
 s - a potion of lignification {unknown}
 x - a potion of heal wounds {unknown}
 z - a potion of attraction {unknown}
 D - 2 potions of degeneration {unknown}


   Skills:
 - Level 6.0 Fighting
 * Level 11.8 Long Blades
 - Level 7.0 Dodging
 - Level 5.0 Evocations


You had 9 spell levels left.
You didn't know any spells.
Your spell library contained the following spells:

 Spells                   Type           Power      Damage    Failure   Level
 Shock                    Conj/Air       0%         1d3       88%         1
 Blink                    Tloc           0%         N/A       95%         2
 Ensorcelled Hibernation  Hex/Ice        0%         N/A       95%         2
 Lesser Beckoning         Tloc           0%         N/A       95%         2
 Momentum Strike          Conj/Tloc      0%         3d8       95%         2
 Dazzling Flash           Conj/Hex       0%         N/A       99%         3
 Fugue of the Fallen      Necr           0%         N/A       99%         3
 Inner Flame              Hex/Fire       0%         N/A       99%         3
 Swiftness                Air            0%         N/A       99%         3
 Airstrike                Air            0%         2d(0-16)  100%        4
 Anguish                  Hex/Necr       0%         N/A       100%        4
 Irradiate                Conj/Alch      0%         3d11      100%        5
 Starburst                Conj/Fire      0%         6d3       100%        6
 Fulsome Fusillade        Conj/Alch      0%         (3-5)d4   100%        8
 Ignition                 Fire           0%         3d3       100%        8


Dungeon Overview and Level Annotations

Branches:
Dungeon (8/15)             Temple (1/1) D:7
   Lair: D:8-11

Altars:
Ashenzari
Cheibriados
Dithmenos
Elyvilon
Fedhas
Gozag
Kikubaaqudgha
Makhleb
Okawaru
Qazlal
Ru
Sif Muna
Trog
Uskayaw
Vehumet
Wu Jian
Xom
Yredelemnul
Zin

Annotations:
D:7 2 transporters, kazuo256's ghost, novice MDFE


Innate Abilities, Weirdness & Mutations

You have a beak for a mouth.
You have claws for feet.
Your magical flight helps you evade attacks. (EV +4)
You can magically evade attacks while moving or waiting.
You possess an exceptional clarity of mind.
Your mind is acute. (Int +4, Str/Dex -1)
Your system is resistant to poisons. (rPois)
Your health recovers twice as slowly from being drained.


Message History

You spin and attack the wight.
You hit the wight.
You behead the wight!
You destroy the wight!
The Council accepts your kill.
The orc priest miscasts a cantrip.
You have reached level 10!
You see here a +0 scimitar.
You spin and attack the orc priest.
You slash the orc priest! You peck the orc priest.
You kill the orc priest!
The Council accepts your kill.
You spin and attack the wight repeatedly.
You slash the wight!
You behead the wight!
You destroy the wight!
The Council accepts your kill.
You spin and attack the orc wizard.
You slash the orc wizard! You drain the orc wizard.
You kill the orc wizard!
The Council accepts your kill.
You see here a +0 scimitar.
Unknown command.
You spin and attack the orc priest repeatedly.
You hit the orc priest.
The orc priest is lightly wounded.
You hit the orc priest.
You behead the orc priest!
You kill the orc priest!
The Council accepts your kill.
You spin and attack the orc priest.
You hit the orc priest.
You claw the orc priest, but do no damage.
The orc priest is moderately wounded.
The orc priest calls down the wrath of Beogh upon you.
Beogh smites you!
* * * LOW HITPOINT WARNING * * *
Unknown command.
You spin and attack the orc priest.
You hit the orc priest but do no damage.
You drain the orc priest. You peck the orc priest.
The orc priest is severely wounded.
The steam dragon breathes steam at you. The ball of steam hits you!!
You die...

### ### ##
#.#####.##.# #
###.........###.#.#
#.†...###...@§)..#..
####..####
#.#..oD......
##...##.#
######.......
..####### #[#....
### ## #.. #


You could see a steam dragon (catching breath) and an orc priest (very drained).

Vanquished Creatures
  A troll (D:8)
  2 wyverns (D:8)
  A basilisk (D:8)
  A water moccasin (D:5)
  3 ice beasts
  2 black bears (D:8)
  4 ogres
  A centaur (D:8)
  3 phantoms
  2 bullfrogs
  3 scorpions
  4 wights (D:8)
  3 vampire bats (D:3)
  3 howler monkeys
  3 bombardier beetles
  2 hounds
  A jelly (D:5)
  7 orc priests
  2 gnoll boudas
  2 sleepcaps
  An iguana (D:4)
  3 orc wizards
  3 gnolls (D:6)
  6 adders
  A shadow imp (D:5)
  2 ufetubi (D:5)
  A ribbon worm (D:4)
  2 dart slugs
  13 orcs
  6 ball pythons
  3 bats
  2 bat skeletons (D:3)
  3 bat zombies (D:3)
  10 endoplasms
  A giant cockroach (D:2)
  9 goblins
  4 hobgoblins
  8 jackals
  2 quokkas
  5 frilled lizards (D:1)
  5 kobolds
  10 rats
150 creatures vanquished.

Notes
Turn   | Place    | Note
-------+----------+-------------------------------------------
     0 | D:1      | 2FriedEggs the Tengu Monk began the quest for the Orb.
     0 | D:1      | Reached XP level 1. HP: 14/14 MP: 2/2
   111 | D:1      | Reached XP level 2. HP: 17/19 MP: 3/3
   311 | D:1      | Reached skill level 4 in Long Blades
   466 | D:1      | Reached XP level 3. HP: 23/23 MP: 4/4
   982 | D:2      | Found the +7 Throatcutter {drain, coup de grace}
  1105 | D:2      | Reached XP level 4. HP: 28/28 MP: 5/5
  1530 | D:3      | Reached skill level 5 in Long Blades
  1653 | D:3      | Found a blossoming altar of Fedhas.
  1796 | D:3      | Found a snail-covered altar of Cheibriados.
  2088 | D:3      | Found an ancient bone altar of Kikubaaqudgha.
  2091 | D:3      | Reached XP level 5. HP: 32/32 MP: 6/6
  2094 | D:3      | Reached skill level 6 in Long Blades
  2281 | D:4      | Reached XP level 6. HP: 34/37 MP: 7/7
  2339 | D:4      | Reached skill level 7 in Long Blades
  2593 | D:4      | Found a stormy altar of Qazlal.
  3135 | D:5      | Entered Level 5 of the Dungeon
  3180 | D:5      | Noticed a water moccasin
  3212 | D:5      | Reached skill level 8 in Long Blades
  3212 | D:5      | Gained mutation: Your magical flight helps you evade
                  | attacks. (EV +4) [Tengu growth]
  3212 | D:5      | Reached XP level 7. HP: 40/41 MP: 8/8
  3213 | D:5      | Reached skill level 1 in Evocations
  3293 | D:5      | Found a broken altar of Ashenzari.
  3470 | D:5      | Reached skill level 5 in Evocations
  3470 | D:5      | Reached XP level 8. HP: 36/46 MP: 9/9
  4075 | D:5      | Found a radiant altar of Vehumet.
  4476 | D:6      | Reached skill level 5 in Dodging
  4543 | D:6      | Found a burning altar of Makhleb.
  4544 | D:6      | Found a sacrificial altar of Ru.
  4549 | D:6      | Found a shadowy altar of Dithmenos.
  4556 | D:6      | Found a basalt altar of Yredelemnul.
  4685 | D:6      | Reached skill level 5 in Fighting
  4971 | D:6      | Reached XP level 9. HP: 53/55 MP: 10/10
  5314 | D:7      | Found a staircase to the Ecumenical Temple.
  5324 | Temple   | Entered the Ecumenical Temple
  5333 | Temple   | Became a worshipper of the Wu Jian Council
  5333 | Temple   | Reached * piety under Wu Jian
  5333 | Temple   | Reached ** piety under Wu Jian
  5347 | D:7      | Found an opulent altar of Gozag.
  5587 | D:7      | Found a transporter.
  5593 | D:7      | Noticed a moth of wrath
  5599 | D:7      | Found a bloodstained altar of Trog.
  5599 | D:7      | Noticed kazuo256's ghost (novice MDFE)
  5608 | D:7      | Found a transporter.
  6115 | D:8      | Reached skill level 9 in Long Blades
  6122 | D:8      | Found a bloodstained altar of Trog.
  6145 | D:8      | Gained mutation: You are weak. (Str -2) [potion of
                  | mutation]
  6146 | D:8      | Lost mutation: You are weak. (Str -2) [potion of mutation]
  6146 | D:8      | Gained mutation: You expend magic power (3 MP) to
                  | strengthen your wands. [potion of mutation]
  6146 | D:8      | Gained mutation: Your body sometimes deteriorates upon
                  | taking damage. [potion of mutation]
  6146 | D:8      | Gained mutation: Your mind is acute. (Int +4, Str/Dex -1)
                  | [potion of mutation]
  6147 | D:8      | Lost mutation: Your body sometimes deteriorates upon taking
                  | damage. [potion of mutation]
  6147 | D:8      | Lost mutation: Your mind is acute. (Int +4, Str/Dex -1)
                  | [potion of mutation]
  6147 | D:8      | Lost mutation: You expend magic power (3 MP) to strengthen
                  | your wands. [potion of mutation]
  6147 | D:8      | Gained mutation: Your health recovers twice as slowly from
                  | being drained. [potion of mutation]
  6147 | D:8      | Gained mutation: You possess an exceptional clarity of
                  | mind. [potion of mutation]
  6147 | D:8      | Gained mutation: Your mind is acute. (Int +4, Str/Dex -1)
                  | [potion of mutation]
  6147 | D:8      | Gained mutation: Your system is resistant to poisons.
                  | (rPois) [potion of mutation]
  6241 | D:8      | Noticed a troll
  6252 | D:8      | Killed a troll
  6253 | D:8      | Reached skill level 10 in Long Blades
  6364 | D:8      | Reached skill level 11 in Long Blades
  6370 | D:8      | Reached XP level 10. HP: 22/60 MP: 11/11
  6373 | D:8      | Killed from afar by a steam dragon

Illustrated notes

Levels and vault maps discovered:
D:1:      sevenhm_arrival_forest_fort_large_4, layout_rooms, hex_large
D:2:      layout_basic
D:3:      layout_loops_ring, kennysheep_vampire_church, fedhas_altar_1,
          chei_slow_surprise
D:4:      layout_cave_pods, nicolae_qazlal_general_emergency
D:5:      layout_layer_cave, nicolae_overflow_crystal_walls,
          kennysheep_mini_moat, minmay_between
D:6:      layout_loops_ring, nicolae_overflow_macrodata_refinement,
          minmay_stone_trees_small, st_stairs_12, kennysheep_path_1
D:7:      layout_loops_ring, grunt_gozag_statues, minmay_temple_entry_trees,
          gammafunk_ghost_wrathful_warriors, serial_co_window_serial,
          co_window_corner_a, co_window_paths_a, co_window_paths_b,
          co_window_paths_a, co_window_paths_b, co_window_paths_b,
          co_window_paths_b, co_window_corner_a, co_window_of_opportunity_a,
          co_window_corner_cb, co_window_paths_c, co_window_paths_c,
          co_window_cross_2, glass_columns_a, glass_columns_c, glass_columns_a,
          glass_columns_b, glass_columns_c
D:8:      layout_basic, trog_ov_bears_minmay, nemelex_spade_bored_becter,
          nicolae_hepliaklqana_monster_ancestors, erik_lair_dragon
Temple:   hellmonk_temple_two_chambers

Skill      XL: |  1  2  3  4  5  6  7  8  9 |
---------------+----------------------------+-----
Long Blades    | 4 5 6 8 11 | 11.8
Evocations     | 5 |  5.0
Dodging        | 4 6 7 |  7.0
Fighting       | 5 6 |  6.0

Action                     |  1- 3 |  4- 6 |  7- 9 | 10-12 || total
---------------------------+-------+-------+-------+-------++-------
  Melee: Falchion          |    52 |       |       |       ||    52
         Kick              |    11 |     7 |    28 |     1 ||    47
         Peck              |     8 |     4 |    22 |     2 ||    36
         Long sword        |    14 |    59 |   104 |     7 ||   184
Ability: Whirlwind         |       |       |    19 |     6 ||    25
         Lunge             |       |       |     6 |       ||     6
         Wall Jump         |       |       |     1 |       ||     1
  Evoke: Wand              |       |     2 |       |       ||     2
    Use: Potion            |       |     1 |     3 |       ||     4
         Scroll            |       |       |     9 |       ||     9
 Armour: Robe              |     9 |       |       |       ||     9
         Scale mail        |    21 |    24 |    37 |     1 ||    83
  Dodge: Dodged            |    44 |    36 |    51 |       ||   131

Table legend: (Time is in decaauts)
 A = Elapsed time spent in this place.
 B = Non-inter-level travel time spent in this place.
 C = Inter-level travel time spent in this place.
 D = Time resting spent in this place.
 E = Time spent auto-exploring this place.
 F = Levels seen in this place.
 G = Mean time per level.
                   A        B        C        D        E       F      G
               +--------+--------+--------+--------+--------+-----+--------+
         Total |   6384 |   6191 |    193 |    139 |   5117 |   9 |  709.3 |
       Dungeon |   6365 |   6180 |    185 |    139 |   5117 |   8 |  795.6 |
        Temple |     18 |     10 |      8 |      0 |      0 |   1 |   18.0 |
               +--------+--------+--------+--------+--------+-----+--------+

Top non-repeatable levels by time:
     D:5: 1275 daAuts
     D:7: 907 daAuts
     D:4: 903 daAuts
     D:1: 796 daAuts
     D:6: 761 daAuts
     D:3: 743 daAuts
     D:2: 716 daAuts
     D:8: 262 daAuts
  Temple: 18 daAuts
